[Event "Titled Tuesday Blitz May 4 2021"]
[White "Moskalenko, Alexander"]
[Black "Budrewicz, Krzysztof"]
[WhiteFideId "4155351"]
[BlackFideId "1127950"]
[WhiteElo "2495"]
[BlackElo "2276"]
[Result "0-1"]
[Round "03"]
[TimeControl "180+1"]
[Date "2021.05.04"]
[WhiteClock "0:01:48"]
[BlackClock "0:00:31"]

1. e4 c5 2. Nf3 e6 3. b3 Nf6 4. e5 Nd5 5. Bb2 Nc6 6. Bb5 Qc7 7. O-O Be7 8. c4 Ndb4 9. d4 cxd4 10. a3 Na6 11. b4 Nxe5 12. Nxe5 Qxe5 13. Bxd4 Qg5 14. c5 O-O 15. Nc3 Nc7 16. Bc4 d5 17. cxd6 Bxd6 18. Ne4 Bxh2+ 19. Kxh2 Qh4+ 20. Kg1 Qxe4 21. Re1 Qh4 22. g3 Qh6 23. Bc5 Re8 24. Qd6 Na6 0-1


[Site "https://www.chess.com"]

[Event "Titled Tuesday Blitz May 4 2021"]
[White "Mustafayev, Farid"]
[Black "Mikhalevski, Victor"]
[WhiteFideId "13408771"]
[BlackFideId "2801914"]
[WhiteElo "2097"]
[BlackElo "2567"]
[Result "1-0"]
[Round "03"]
[TimeControl "180+1"]
[Date "2021.05.04"]
[WhiteClock "0:01:07"]
[BlackClock "0:00:25"]

1. d4 Nf6 2. c4 g6 3. Nc3 d5 4. g3 Bg7 5. Bg2 dxc4 6. e4 c6 7. Nge2 O-O 8. O-O b5 9. h3 b4 10. Na4 Nbd7 11. Be3 e5 12. Rc1 Ba6 13. f4 exd4 14. Nxd4 c3 15. Rf2 c5 16. Nc6 Qc7 17. e5 Nh5 18. Ne7+ Kh8 19. Bxa8 Rxa8 20. g4 Nb6 21. Nd5 Qc6 22. Naxb6 axb6 23. bxc3 Bc4 24. Nxb6 Qxb6 25. cxb4 Nxf4 26. Rxf4 Bxa2 27. Bxc5 Qb7 28. Ra1 Ra3 29. Qd8+ 1-0


[Site "https://www.chess.com"]

[Event "Titled Tuesday Blitz May 4 2021"]
[White "Nakamura, Hikaru"]
[Black "Shimelkov, Vasiliy"]
[WhiteFideId "2016192"]
[BlackFideId "13701630"]
[WhiteElo "2900"]
[BlackElo "2073"]
[Result "1-0"]
[Round "03"]
[TimeControl "180+1"]
[Date "2021.05.04"]
[WhiteClock "0:00:42"]
[BlackClock "0:00:10"]

1. Nf3 d5 2. e3 c5 3. b3 Nc6 4. Bb2 e6 5. d4 Nf6 6. Bd3 Be7 7. O-O O-O 8. dxc5 Bxc5 9. a3 b6 10. Nbd2 Bb7 11. Qe2 a5 12. Rfd1 Qe7 13. e4 dxe4 14. Nxe4 Nxe4 15. Bxe4 Rfd8 16. h4 h6 17. c3 Rxd1+ 18. Rxd1 Rd8 19. b4 axb4 20. cxb4 Rxd1+ 21. Qxd1 Bd6 22. Qc2 Qc7 23. Qc3 f6 24. Bc2 Ne7 25. Qd3 Bd5 26. Nd4 Qc4 27. Qd1 Be5 28. Bd3 Qa2 29. Qc1 Kf7 30. h5 f5 31. Bb1 Qc4 32. Qxc4 Bxc4 33. Nxf5 exf5 34. Bxe5 Nc6 35. Bc7 b5 36. Bxf5 Nd4 37. Bg6+ Kf6 38. f4 Nc2 39. Be5+ 1-0


[Site "https://www.chess.com"]

[Event "Titled Tuesday Blitz May 4 2021"]
[White "Navalgund, Niranjan"]
[Black "Grigoryan, Meri"]
[WhiteFideId "5030854"]
[BlackFideId "13300571"]
[WhiteElo "2290"]
[BlackElo "2007"]
[Result "1-0"]
[Round "03"]
[TimeControl "180+1"]
[Date "2021.05.04"]
[WhiteClock "0:01:17"]
[BlackClock "0:00:05"]

1. e4 c6 2. Nc3 d5 3. Nf3 dxe4 4. Nxe4 Bf5 5. Ng3 Bg6 6. Bc4 Nd7 7. h4 h5 8. Qe2 Ngf6 9. d3 e6 10. Bd2 Qc7 11. O-O-O O-O-O 12. Kb1 Bd6 13. Ne4 Bf4 14. Neg5 Bxd2 15. Qxd2 Nd5 16. g3 Ne5 17. Nxe5 Qxe5 18. Qa5 Qb8 19. d4 Nb6 20. Bb3 Rd6 21. Ka1 Rhd8 22. c3 Nd5 23. Rhe1 b6 24. Qa6+ Qb7 25. Qe2 R6d7 26. Nf3 Re7 27. Ne5 Bf5 28. Qxh5 g6 29. Qf3 a5 30. g4 a4 31. Bxd5 cxd5 32. gxf5 gxf5 33. Qd3 b5 34. h5 Rh8 35. Rh1 1-0


[Site "https://www.chess.com"]

[Event "Titled Tuesday Blitz May 4 2021"]
[White "Necula, Iulian"]
[Black "Royal, Shreyas"]
[WhiteFideId "1232380"]
[BlackFideId "448869"]
[WhiteElo "1776"]
[BlackElo "1931"]
[Result "0-1"]
[Round "03"]
[TimeControl "180+1"]
[Date "2021.05.04"]
[WhiteClock "0:00:01"]
[BlackClock "0:00:13"]

1. f4 g6 2. Nf3 Bg7 3. g3 Nf6 4. Bg2 d6 5. O-O O-O 6. d3 Nc6 7. e4 e5 8. fxe5 dxe5 9. c3 h6 10. Na3 Be6 11. Qe2 Qd7 12. Rd1 Bh3 13. Nc4 Bxg2 14. Kxg2 Qe6 15. b3 Rad8 16. Ne3 Rd7 17. Ba3 Rfd8 18. Bb2 Ne7 19. c4 Nc6 20. Nd5 Ne8 21. h3 Nd4 22. Bxd4 exd4 23. Nf4 Qe7 24. Nd5 Qd6 25. e5 Qe6 26. Re1 c6 27. Nf4 Qe7 28. Rad1 Nc7 29. e6 Rd6 30. exf7+ Qxf7 31. Qf2 g5 32. Ne2 Rf8 33. g4 Ne6 34. Rf1 Nf4+ 35. Nxf4 Qxf4 36. Qg3 Re6 37. Qxf4 Rxf4 38. Rde1 Rxe1 39. Rxe1 Kf7 40. Re2 c5 41. a4 Bf6 42. Nd2 Be7 43. Ne4 Kg6 44. Rf2 Rxf2+ 45. Kxf2 Kf7 46. Kf3 Ke6 47. Nd2 Ke5 48. Ne4 Bd8 49. Nd2 Ba5 50. Ne4 Bb4 51. Ng3 Be1 52. Nf5 h5 53. Ng7 hxg4+ 54. Kxg4 Bd2 55. Nf5 Ke6 56. Nh6 Bf4 57. Nf5 Kf6 58. Nh6 Kg6 59. Ng8 Bd6 60. Kf3 Kg7 61. Ke4 Kxg8 62. Kd5 Be7 63. Ke6 Kf8 64. Kd7 Kf7 65. Kc7 b6 66. Kb7 Ke6 67. Kxa7 Bd8 68. Kb7 Kd7 69. Ka6 Ke6 70. Kb5 Kf5 71. Kc6 Kf4 72. Kd7 Bf6 73. Kc6 Kg3 74. Kxb6 Kxh3 75. a5 Bd8+ 76. Kb5 Bxa5 77. Kxa5 g4 78. Kb5 g3 79. Kxc5 g2 80. Kxd4 g1=Q+ 81. Kd5 Qb6 82. c5 Qxb3+ 83. Ke4 Qb8 84. d4 Kg4 85. d5 Kg5 0-1


[Site "https://www.chess.com"]

[Event "Titled Tuesday Blitz May 4 2021"]
[White "Nguyen, Quoc Hy"]
[Black "Chabris, Christopher"]
[WhiteFideId "12410853"]
[BlackFideId "2005263"]
[WhiteElo "1975"]
[BlackElo "2288"]
[Result "0-1"]
[Round "03"]
[TimeControl "180+1"]
[Date "2021.05.04"]
[WhiteClock "0:01:41"]
[BlackClock "0:00:32"]

1. d4 d5 2. c4 c6 3. Nc3 Nf6 4. Bg5 dxc4 5. e4 b5 6. e5 Nd5 7. Nf3 Bf5 8. a4 b4 9. Ne2 Qa5 10. Ng3 Bg4 11. Bxc4 e6 12. O-O Nd7 13. h3 Bxf3 14. Qxf3 N7b6 15. Bd3 h6 16. Bd2 Be7 17. Rfc1 Rc8 18. Nh5 g6 19. Ng3 h5 20. b3 c5 21. Bb5+ Kf8 22. dxc5 Rxc5 23. Rxc5 Bxc5 24. Rc1 Be7 25. Rc7 Nxc7 0-1


[Site "https://www.chess.com"]

[Event "Titled Tuesday Blitz May 4 2021"]
[White "Nitin, S."]
[Black "Prilleltensky, Matan"]
[WhiteFideId "5018277"]
[BlackFideId "2024810"]
[WhiteElo "2431"]
[BlackElo "2190"]
[Result "1-0"]
[Round "03"]
[TimeControl "180+1"]
[Date "2021.05.04"]
[WhiteClock "0:02:14"]
[BlackClock "0:01:06"]

1. e4 c5 2. Nf3 e6 3. d4 cxd4 4. Nxd4 a6 5. Nc3 Qc7 6. Bd3 Nf6 7. Qe2 Bd6 8. Nf3 Nc6 9. Bg5 b5 10. O-O Bb7 11. a3 Ng4 12. h3 Nge5 13. Rad1 O-O 14. Kh1 Rac8 15. Bxb5 Nxf3 16. Qxf3 Ne5 17. Qe2 axb5 18. Nxb5 Qxc2 19. Qxc2 Rxc2 20. Nxd6 Bc6 21. b4 Ra8 22. b5 1-0


[Site "https://www.chess.com"]

[Event "Titled Tuesday Blitz May 4 2021"]
[White "Niyazgulova, Marina"]
[Black "Tikhonov, Viacheslav"]
[WhiteFideId "24142573"]
[BlackFideId "44196407"]
[WhiteElo "2087"]
[BlackElo "1773"]
[Result "0-1"]
[Round "03"]
[TimeControl "180+1"]
[Date "2021.05.04"]
[WhiteClock "0:00:06"]
[BlackClock "0:00:32"]

1. d4 g6 2. c4 Bg7 3. Nc3 c6 4. e4 d6 5. Be2 Nd7 6. Nf3 e5 7. Be3 Qc7 8. O-O Ne7 9. Qd2 exd4 10. Nxd4 O-O 11. Bh6 Ne5 12. Bxg7 Kxg7 13. Rad1 a6 14. f4 Ng4 15. Bf3 f5 16. exf5 gxf5 17. Rfe1 Ng6 18. Ne6+ Bxe6 19. Rxe6 d5 20. cxd5 Nxf4 21. Ree1 Qb6+ 22. Qd4+ Qxd4+ 23. Rxd4 Nxd5 24. Nxd5 cxd5 25. Bxg4 fxg4 26. Rxg4+ Kf6 27. Rf4+ Kg6 28. Re6+ Kg5 29. Rd4 Rad8 30. h4+ Kf5 31. Re7 h5 32. g3 Rf6 33. Rxb7 Ke5 34. Rd2 d4 35. Rh7 Ke4 36. Re7+ Kf5 37. Rf2+ Kg6 38. Rxf6+ Kxf6 39. Re2 d3 40. Rd2 Ke5 41. Kf2 Ke4 42. Rd1 Rf8+ 43. Ke1 Ke3 44. b3 Rg8 45. Kf1 d2 46. b4 Rxg3 47. Rb1 Rf3+ 48. Kg1 Ke2 49. Rb2 Ra3 50. Kg2 Ke1 51. Kg1 d1=Q 0-1


[Site "https://www.chess.com"]

[Event "Titled Tuesday Blitz May 4 2021"]
[White "Noboa Silva, Kevin"]
[Black "Svidler, Peter"]
[WhiteFideId "3618471"]
[BlackFideId "4102142"]
[WhiteElo "2161"]
[BlackElo "2754"]
[Result "0-1"]
[Round "03"]
[TimeControl "180+1"]
[Date "2021.05.04"]
[WhiteClock "0:00:03"]
[BlackClock "0:01:40"]

1. d4 Nf6 2. c4 g6 3. Nc3 d5 4. cxd5 Nxd5 5. Bd2 Bg7 6. e4 Nb6 7. Be3 O-O 8. h3 f5 9. exf5 Bxf5 10. Qb3+ Kh8 11. Nf3 Nc6 12. Be2 Qd6 13. Rd1 Qb4 14. Qxb4 Nxb4 15. O-O Rad8 16. Rfe1 Nc2 17. Rf1 Nxe3 18. fxe3 c6 19. g4 Be6 20. Ng5 Bg8 21. Nge4 Rxf1+ 22. Rxf1 e5 23. dxe5 Bxe5 24. Nc5 Rd2 25. N3e4 Rxe2 26. Nxb7 Bd5 27. Nbc5 Nc4 28. Rf8+ Kg7 29. Re8 Bh2+ 30. Kf1 Rxb2 31. Ng5 Rd2 32. Re7+ Kf8 33. Rxh7 Bg2+ 34. Ke1 Bg3# 0-1


[Site "https://www.chess.com"]

[Event "Titled Tuesday Blitz May 4 2021"]
[White "Novikov, Evgenij"]
[Black "Christiansen, Johan-Sebastian"]
[WhiteFideId "4125380"]
[BlackFideId "1512668"]
[WhiteElo "2242"]
[BlackElo "2593"]
[Result "0-1"]
[Round "03"]
[TimeControl "180+1"]
[Date "2021.05.04"]
[WhiteClock "0:00:08"]
[BlackClock "0:00:13"]

1. d4 Nf6 2. Nf3 d5 3. c4 dxc4 4. e3 b5 5. a4 b4 6. Bxc4 e6 7. O-O Be7 8. Qe2 O-O 9. Rd1 Bb7 10. Nbd2 c5 11. dxc5 Nbd7 12. Nb3 Qc7 13. Bd2 a5 14. Rac1 Nxc5 15. Nxc5 Bxc5 16. Bd3 Qb6 17. Bb1 Rfd8 18. Be1 Rac8 19. Rxd8+ Rxd8 20. e4 Be7 21. e5 Nd5 22. Qe4 g6 23. Qg4 Bc6 24. h4 Bxa4 25. h5 Be8 26. Ng5 Ne3 27. Qf4 Nf5 28. hxg6 hxg6 29. Ne4 Rd4 30. Qh2 Kg7 31. Nf6 Bxf6 32. exf6+ Kxf6 33. Qh8+ Ke7 34. Rc8 Rd8 35. Rc1 Bb5 36. Qe5 Rd7 37. Be4 Bd3 38. Bf3 Qd4 39. Qh2 Be4 40. Bxe4 Qxe4 41. Qh8 Qb7 42. f3 Rd8 43. Qh2 Qb6+ 44. Bf2 Qb5 45. Rc7+ Rd7 46. Rc8 Rd1+ 47. Be1 Rxe1+ 48. Kf2 Qf1# 0-1


[Site "https://www.chess.com"]

[Event "Titled Tuesday Blitz May 4 2021"]
[White "Ognean, Mihnea-Ionut"]
[Black "Chandratreya, Prachiti"]
[WhiteFideId "1232347"]
[BlackFideId "46611215"]
[WhiteElo "2012"]
[BlackElo "1737"]
[Result "1-0"]
[Round "03"]
[TimeControl "180+1"]
[Date "2021.05.04"]
[WhiteClock "0:00:25"]
[BlackClock "0:01:07"]

1. e4 e6 2. d4 d5 3. Nd2 Nc6 4. Ngf3 Nf6 5. e5 Nd7 6. Be2 f6 7. exf6 Qxf6 8. Nf1 Bd6 9. Ne3 h6 10. O-O O-O 11. c3 Nb6 12. Ng4 Qf7 13. Bd3 Qh5 14. Nfe5 Nxe5 15. Nxh6+ Qxh6 16. Bxh6 gxh6 17. dxe5 Bxe5 18. Qg4+ Bg7 19. Qg6 Rf6 20. Qg3 c6 21. Rae1 Bd7 22. f4 Raf8 23. f5 exf5 24. Re7 R6f7 25. Rfe1 Nc8 26. Rxf7 Rxf7 27. Qc7 b6 28. Ba6 d4 29. Bxc8 dxc3 30. Bxd7 cxb2 31. Be6 Bd4+ 32. Kf1 b1=Q 33. Rxb1 Be5 34. Qxf7+ Kh8 35. Qg8# 1-0


[Site "https://www.chess.com"]

[Event "Titled Tuesday Blitz May 4 2021"]
[White "Ohanyan, Emin"]
[Black "Martirosyan, Haik M."]
[WhiteFideId "13312022"]
[BlackFideId "13306553"]
[WhiteElo "1648"]
[BlackElo "2597"]
[Result "0-1"]
[Round "03"]
[TimeControl "180+1"]
[Date "2021.05.04"]
[WhiteClock "0:00:01"]
[BlackClock "0:00:19"]

1. e4 d5 2. exd5 Qxd5 3. Nf3 Bg4 4. Be2 Nc6 5. h3 Bh5 6. d4 e6 7. c4 Qa5+ 8. Bd2 Bb4 9. O-O O-O-O 10. Be3 Nge7 11. Nbd2 Nf5 12. Nb3 Qa4 13. Qc2 Be7 14. Rfd1 Bg6 15. Qc1 Rd7 16. d5 Nxe3 17. Qxe3 exd5 18. cxd5 Nb4 19. Nc5 Bxc5 20. Qxc5 Rhd8 21. Ne5 Rxd5 22. Rxd5 Nxd5 23. Bg4+ f5 24. Bf3 Qb4 25. Qc1 Be8 26. Qc2 Qf4 27. Nd3 Qd6 28. Ne1 g6 29. Rd1 Bc6 30. Qc1 Kb8 31. Nc2 Qf6 32. Ne3 Nxe3 33. Rxd8+ Qxd8 34. Qxe3 Bxf3 35. gxf3 a5 36. Kg2 b6 37. a3 h5 38. Qe6 Qd6 39. Qe8+ Kb7 40. Qh8 a4 41. Qc3 b5 42. Qg7 Kb6 43. Qh8 c5 44. Qc8 b4 45. axb4 cxb4 46. Qc4 a3 47. bxa3 bxa3 48. Qb3+ Ka5 49. Qc3+ Qb4 50. Qc7+ Ka4 51. Qc2+ Ka5 52. Qc7+ Kb5 53. Qb7+ Kc4 54. Qc6+ Kb3 55. Qe6+ Qc4 56. Qb6+ Kc2 57. Qxg6 a2 58. Qxf5+ Kc1 59. Qf4+ Qxf4 0-1


[Site "https://www.chess.com"]

[Event "Titled Tuesday Blitz May 4 2021"]
[White "Omariev, Maksim"]
[Black "Papasimakopoulos, Alexandros"]
[WhiteFideId "4193423"]
[BlackFideId "4244125"]
[WhiteElo "2397"]
[BlackElo "2352"]
[Result "0-1"]
[Round "03"]
[TimeControl "180+1"]
[Date "2021.05.04"]
[WhiteClock "0:00:02"]
[BlackClock "0:00:22"]

1. g4 d5 2. g5 h6 3. g6 fxg6 4. d4 Nf6 5. Bg2 Nc6 6. Nf3 Bg4 7. Bf4 Bxf3 8. Bxf3 g5 9. Bg3 e6 10. e3 Bd6 11. Bh5+ Kd7 12. Bf3 Qe7 13. Nc3 Rad8 14. a3 Kc8 15. Qd2 Bxg3 16. hxg3 e5 17. Ne2 e4 18. Bg2 h5 19. O-O-O h4 20. Kb1 Kb8 21. Rdg1 Rdf8 22. gxh4 gxh4 23. Nf4 Qf7 24. Bh3 Rd8 25. Rg5 Ne7 26. Rhg1 g6 27. Qe1 Rh6 28. Qb4 Nc6 29. Qb5 a6 30. Qb3 Na5 31. Qa4 Nc4 32. Qb4 a5 33. Qc3 a4 34. Kc1 Nb6 35. Ne6 Rd6 36. Nc5 Nfd7 37. Nxd7+ Nxd7 38. Bxd7 Qxd7 39. Qe1 h3 40. Rh1 Rf6 41. Rg3 Rf3 42. Rxf3 exf3 43. Qg1 Qf5 44. Qg3 g5 45. Rh2 Rc6 46. Qxh3 Qxc2# 0-1


[Site "https://www.chess.com"]

[Event "Titled Tuesday Blitz May 4 2021"]
[White "Onyshchuk, Volodymyr"]
[Black "Yeremyan, Alen"]
[WhiteFideId "14114038"]
[BlackFideId "13308998"]
[WhiteElo "2605"]
[BlackElo "2158"]
[Result "1-0"]
[Round "03"]
[TimeControl "180+1"]
[Date "2021.05.04"]
[WhiteClock "0:00:04"]
[BlackClock "0:00:07"]

1. Nf3 Nf6 2. g3 g6 3. Bg2 Bg7 4. O-O O-O 5. d3 d6 6. c4 e5 7. Nc3 h6 8. Rb1 Be6 9. b4 Qd7 10. b5 Bh3 11. e4 Bxg2 12. Kxg2 Qe7 13. a4 Nbd7 14. Ba3 b6 15. Re1 Ne8 16. Nd5 Qd8 17. d4 exd4 18. Nxd4 Ne5 19. Qc2 Nf6 20. f4 Nxd5 21. exd5 Ng4 22. Nc6 Qd7 23. h3 Nf6 24. Re7 Qc8 25. Rbe1 Kh7 26. a5 bxa5 27. f5 g5 28. g4 Qb7 29. Bb2 a6 30. b6 Qxb6 31. Bd4 Qb7 32. Qc3 Ne8 33. f6 Bh8 34. Qd3+ Kg8 35. Rb1 Qc8 36. Qf3 a4 37. h4 a3 38. hxg5 a2 39. Rh1 Qb7 40. gxh6 Qb1 41. h7+ Qxh7 42. Rxh7 1-0


[Site "https://www.chess.com"]

[Event "Titled Tuesday Blitz May 4 2021"]
[White "Onufrienko, Vladislav"]
[Black "Erden, Kadir"]
[WhiteFideId "13804332"]
[BlackFideId "6305776"]
[WhiteElo "1661"]
[BlackElo "2218"]
[Result "0-1"]
[Round "03"]
[TimeControl "180+1"]
[Date "2021.05.04"]
[WhiteClock "0:00:01"]
[BlackClock "0:01:22"]

1. e4 c5 2. Nc3 e6 3. Nf3 a6 4. d4 cxd4 5. Nxd4 Qc7 6. Bd3 Nc6 7. Nxc6 bxc6 8. O-O e5 9. f4 d6 10. fxe5 dxe5 11. Bc4 Nf6 12. Bg5 Be7 13. Kh1 O-O 14. Qe1 a5 15. Rd1 Ba6 16. Bxa6 Rxa6 17. Qg3 Kh8 18. Rf5 Rb6 19. b3 Nh5 20. Qxe5 Qxe5 21. Rxe5 Bb4 22. Na4 Rb5 23. Rxb5 cxb5 24. Nb6 h6 25. Be3 Re8 26. g4 Nf6 27. g5 Ng4 28. Bg1 hxg5 29. Nd5 Rxe4 30. Nxb4 axb4 31. Rd5 f6 32. Rxb5 Kh7 33. h3 Ne5 34. Ra5 Re2 35. a3 bxa3 36. Rxa3 Rxc2 37. Ra7 Nf3 38. Bb6 Rh2# 0-1


[Site "https://www.chess.com"]

[Event "Titled Tuesday Blitz May 4 2021"]
[White "Ozen, Bahadir"]
[Black "Kollars, Dmitrij"]
[WhiteFideId "6337058"]
[BlackFideId "12909572"]
[WhiteElo "2503"]
[BlackElo "2576"]
[Result "0-1"]
[Round "03"]
[TimeControl "180+1"]
[Date "2021.05.04"]
[WhiteClock "0:00:21"]
[BlackClock "0:00:40"]

1. g3 d5 2. Nf3 Bg4 3. Bg2 c6 4. c4 e6 5. cxd5 exd5 6. O-O Nd7 7. d3 Ngf6 8. h3 Bh5 9. Nc3 Bc5 10. Qc2 O-O 11. e3 Re8 12. Ne2 Bd6 13. Nf4 Bxf4 14. exf4 Bxf3 15. Bxf3 Nf8 16. Be3 a5 17. a3 a4 18. Rfe1 h5 19. h4 Qd7 20. Bd4 Ng4 21. b4 axb3 22. Qxb3 Ne6 23. Bb2 d4 24. a4 Nc5 25. Rxe8+ Rxe8 26. Qc4 Ne6 27. f5 Ne5 28. fxe6 Rxe6 29. Qc5 Nxf3+ 30. Kg2 Ne1+ 31. Kf1 Re8 0-1


[Site "https://www.chess.com"]

[Event "Titled Tuesday Blitz May 4 2021"]
[White "Ozkan, Ervin"]
[Black "Diaz Camallonga, Carles"]
[WhiteFideId "6306004"]
[BlackFideId "22235256"]
[WhiteElo "2226"]
[BlackElo "2438"]
[Result "0-1"]
[Round "03"]
[TimeControl "180+1"]
[Date "2021.05.04"]
[WhiteClock "0:00:05"]
[BlackClock "0:00:09"]

1. d4 e6 2. Nf3 Nf6 3. Bf4 c5 4. e3 Nc6 5. c3 d5 6. Nbd2 Bd6 7. Bxd6 Qxd6 8. Bb5 O-O 9. O-O Ne7 10. Bd3 Ng6 11. Bxg6 hxg6 12. Ne5 Qb6 13. Rb1 Nd7 14. Ndf3 Qc7 15. b4 b6 16. Qa4 Nxe5 17. Nxe5 g5 18. bxc5 bxc5 19. Qa3 f6 20. Nd3 c4 21. Qc5 Qd7 22. Nb4 Bb7 23. Qa5 Rfb8 24. Rb2 Bc8 25. Rfb1 Rb5 26. Qa3 Rab8 27. Nc2 Rxb2 28. Rxb2 Rxb2 29. Qxb2 Qa4 30. h3 Kh7 31. Kh2 Bd7 32. Kg1 a5 33. Kf1 Qc6 34. Ke2 Qc7 35. Qa3 Be8 36. g3 Bg6 37. Kd2 Qb6 38. Kc1 e5 39. Qb2 Qe6 40. g4 f5 41. dxe5 fxg4 42. Nd4 Qxe5 43. hxg4 Qe4 44. Kd2 Qxg4 45. Qb5 Qg2 46. Ke1 Qg1+ 47. Kd2 Qxf2+ 48. Kd1 Bh5+ 49. Kc1 Qxe3+ 50. Kb2 Qd2+ 0-1


[Site "https://www.chess.com"]

[Event "Titled Tuesday Blitz May 4 2021"]
[White "Paiva, Henrique M A Albergaria"]
[Black "Tutisani, Noe"]
[WhiteFideId "1920995"]
[BlackFideId "13602853"]
[WhiteElo "2055"]
[BlackElo "2227"]
[Result "1/2-1/2"]
[Round "03"]
[TimeControl "180+1"]
[Date "2021.05.04"]
[WhiteClock "0:00:55"]
[BlackClock "0:01:15"]

1. e4 c5 2. Nf3 d6 3. Nc3 g6 4. d4 cxd4 5. Nxd4 Nf6 6. Be3 Bg7 7. f3 O-O 8. Bc4 Nc6 9. Bb3 Qa5 10. Qd2 Nxd4 11. Bxd4 Be6 12. O-O Rac8 13. Qf2 a6 14. Rad1 Nd7 15. Bxg7 Kxg7 16. Nd5 Bxd5 17. Rxd5 Qb6 18. Rfd1 Qxf2+ 19. Kxf2 Rc5 20. c4 Rfc8 21. Rxc5 Nxc5 22. Bc2 a5 23. b3 f6 24. h4 Kf7 25. g4 h6 26. f4 g5 27. Kg3 Ne6 28. hxg5 hxg5 29. f5 Nc5 30. Rh1 Kg7 31. Kf3 Rh8 32. Rxh8 Kxh8 33. Ke3 Kg7 34. Kd4 Kf7 35. a3 Ke8 36. b4 axb4 37. axb4 Na6 38. Kc3 Kd8 39. Ba4 Kc7 40. Bb5 Nb8 41. Kd4 Nc6+ 42. Bxc6 bxc6 43. c5 Kd7 44. Kc4 e6 45. cxd6 Kxd6 46. Kd4 exf5 47. exf5 Kd7 48. Kc4 Kd8 49. Kd4 Kd7 50. Kc4 Kd8 51. Kd4 Kd7 1/2-1/2


[Site "https://www.chess.com"]

[Event "Titled Tuesday Blitz May 4 2021"]
[White "Pajeken, Jakob Leon"]
[Black "Araujo Filho, Luiz Antonio Coel"]
[WhiteFideId "12942839"]
[BlackFideId "2130661"]
[WhiteElo "2024"]
[BlackElo "2237"]
[Result "1-0"]
[Round "03"]
[TimeControl "180+1"]
[Date "2021.05.04"]
[WhiteClock "0:01:07"]
[BlackClock "0:00:13"]

1. d4 f5 2. Nf3 Nf6 3. g3 g6 4. Bg2 Bg7 5. O-O O-O 6. b3 d6 7. Bb2 c6 8. c4 Qe8 9. Qc2 Nbd7 10. Nbd2 e5 11. dxe5 dxe5 12. e4 f4 13. c5 fxg3 14. hxg3 Kh8 15. Nc4 Nh5 16. Rad1 Qe7 17. Nd6 h6 18. Nh4 Kh7 19. Bh3 Ndf6 20. Nxc8 Raxc8 21. Bxc8 Rxc8 22. Nf3 Ng4 23. Kg2 Rf8 24. Rd3 Rf7 25. Qe2 Qe6 26. Rd6 Qc8 27. Rfd1 b6 28. Rd8 Qe6 29. R1d6 Qe7 30. cxb6 axb6 31. Ba3 c5 32. b4 Qa7 33. Bc1 cxb4 34. Ng5+ hxg5 35. Qxg4 b5 36. Be3 Qxa2 37. Qe6 Rf6 38. Qxa2 1-0


[Site "https://www.chess.com"]

[Event "Titled Tuesday Blitz May 4 2021"]
[White "Pantzar, Milton"]
[Black "Shyaamnikhil P"]
[WhiteFideId "1721003"]
[BlackFideId "5024218"]
[WhiteElo "2323"]
[BlackElo "2300"]
[Result "1-0"]
[Round "03"]
[TimeControl "180+1"]
[Date "2021.05.04"]
[WhiteClock "0:00:08"]
[BlackClock "0:00:05"]

1. c4 Nf6 2. Nc3 c6 3. d4 d5 4. e3 g6 5. Nf3 Bg7 6. Bd3 O-O 7. O-O Bg4 8. h3 Bxf3 9. Qxf3 e6 10. Rd1 Nbd7 11. Bf1 Qc7 12. Bd2 dxc4 13. Bxc4 e5 14. Rac1 exd4 15. exd4 Nb6 16. Bb3 Qd7 17. Bg5 Nfd5 18. Ne4 h6 19. Bh4 Rae8 20. Nc5 Qc8 21. Bg3 Rd8 22. Be5 Rfe8 23. Re1 Bxe5 24. dxe5 Re7 25. e6 fxe6 26. Qg4 Kf7 27. Bc2 Rg8 28. Re4 e5 29. Qh4 h5 30. Rce1 Qc7 31. Nd3 Nd7 32. Bb3 Ke8 33. Qg5 Kd8 34. Nxe5 Nxe5 35. Rxe5 Re8 36. Bxd5 cxd5 37. Rxd5+ Kc8 38. Rxe7 Rxe7 39. Qd2 a6 40. Rd3 Kb8 41. Rd8+ Ka7 42. Qd4+ b6 43. Qd2 Re1+ 44. Qxe1 Qxd8 45. a3 Qf6 46. Qc3 Qxc3 47. bxc3 b5 48. Kf1 Kb6 49. Ke2 Ka5 50. f4 Ka4 51. g4 hxg4 52. hxg4 Kxa3 53. f5 gxf5 54. gxf5 b4 55. cxb4 Kxb4 56. f6 a5 57. f7 a4 58. f8=Q+ Kb3 59. Kd2 1-0


[Site "https://www.chess.com"]

[Event "Titled Tuesday Blitz May 4 2021"]
[White "PattyCastillo"]
[Black "Mickiewicz, Piotr"]
[BlackFideId "1114891"]
[WhiteElo "2009"]
[BlackElo "2263"]
[Result "0-1"]
[Round "03"]
[TimeControl "180+1"]
[Date "2021.05.04"]
[WhiteClock "0:00:21"]
[BlackClock "0:00:49"]

1. d4 Nf6 2. Nf3 e6 3. e3 c5 4. Bd3 Nc6 5. b3 d5 6. Bb2 Bd6 7. O-O Qe7 8. c4 cxd4 9. exd4 O-O 10. Re1 b6 11. Nbd2 Bb7 12. Qe2 Rac8 13. a3 Rfd8 14. Ne5 dxc4 15. bxc4 Bxe5 16. dxe5 Nd7 17. Rad1 Ndxe5 18. Bxe5 Nxe5 19. Bxh7+ Kxh7 20. Qxe5 Rc5 21. Qe3 Qg5 22. Qh3+ Kg8 23. Nf3 Bxf3 24. Qxf3 Rxc4 25. Qb7 Rxd1 26. Rxd1 Qd2 27. Qa8+ Kh7 28. Qf3 Rc1 29. Qe4+ g6 30. Qh4+ Kg7 0-1


[Site "https://www.chess.com"]

[Event "Titled Tuesday Blitz May 4 2021"]
[White "Pein, Jonathan"]
[Black "Moultino06"]
[WhiteFideId "417092"]
[WhiteElo "2167"]
[BlackElo "2681"]
[Result "0-1"]
[Round "03"]
[TimeControl "180+1"]
[Date "2021.05.04"]
[WhiteClock "0:00:40"]
[BlackClock "0:00:06"]

1. e4 d5 2. exd5 Qxd5 3. Nc3 Qa5 4. Rb1 c6 5. b4 Qc7 6. g3 Nf6 7. Bg2 Bg4 8. Nf3 e5 9. O-O Nbd7 10. b5 cxb5 11. Nxb5 Qc8 12. Qe1 e4 13. Ng5 Be7 14. Nxe4 O-O 15. Ned6 Bxd6 16. Nxd6 Qxc2 17. Bb2 Qc7 18. Ba3 Rab8 19. Qc1 Qxc1 20. Rfxc1 Rfd8 21. Nxb7 Rdc8 22. Rxc8+ Rxc8 23. Nd6 Rc2 24. h3 Be6 25. Rc1 Rxc1+ 26. Bxc1 Bxa2 27. d4 Bd5 28. Bf1 h5 29. Bd2 Ne4 30. Ba5 Nxd6 31. Be2 g6 32. Kf1 Bc4 33. f3 Bxe2+ 34. Kxe2 Nc4 35. Bc7 Kf8 36. Kd3 Ndb6 37. d5 Nxd5 38. Bb8 Ncb6 39. Bxa7 Ke7 40. Ke4 Ke6 41. g4 h4 42. f4 f5+ 43. Kf3 Nc4 44. Bf2 Nd2+ 45. Ke2 Ne4 46. Bxh4 Nxf4+ 47. Kf3 Nxh3 48. gxf5+ Kxf5 49. Be1 g5 50. Ba5 g4+ 51. Kg2 Nf4+ 52. Kg1 Nd3 53. Bc7 Ne5 54. Kg2 Kf4 55. Kg1 Nc3 56. Kg2 Nd5 57. Bb8 Ne3+ 58. Kf2 Nc4 59. Kg2 Ke4 60. Kg3 Kf5 61. Bc7 Nf7 62. Bf4 Ng5 63. Bb8 Ne4+ 64. Kg2 Ne5 65. Kh2 Ng6 66. Kg2 Nf4+ 67. Kh2 g3+ 68. Kg1 Kg4 69. Ba7 Kf3 70. Kf1 Nd3 71. Bf2 Ndxf2 72. Kg1 Nh3+ 73. Kh1 g2+ 74. Kh2 g1=Q+ 75. Kxh3 Qg3# 0-1


[Site "https://www.chess.com"]

[Event "Titled Tuesday Blitz May 4 2021"]
[White "Perez Gormaz, Matias"]
[Black "Tarasova, Viktoriya"]
[WhiteFideId "3406342"]
[BlackFideId "4175840"]
[WhiteElo "2414"]
[BlackElo "2182"]
[Result "1-0"]
[Round "03"]
[TimeControl "180+1"]
[Date "2021.05.04"]
[WhiteClock "0:00:19"]
[BlackClock "0:00:12"]

1. e4 e5 2. Nf3 Nc6 3. Bc4 Bc5 4. c3 Nf6 5. d3 d6 6. Nbd2 a6 7. Bb3 O-O 8. h3 h6 9. Nf1 Ba7 10. Ng3 Be6 11. Bc2 Re8 12. O-O d5 13. Qe2 d4 14. Nh4 b5 15. Nhf5 Kh7 16. Kh1 Ng8 17. f4 g6 18. fxe5 gxf5 19. exf5 Bd5 20. Bf4 f6 21. e6 Qe7 22. c4 Bxe6 23. fxe6 Qxe6 24. Qh5 Nce7 25. cxb5 Ng6 26. Bxc7 Rac8 27. Bb3 Qd7 28. b6 Rxc7 29. bxc7 Qxc7 30. Nf5 Bb8 31. Bxg8+ Rxg8 32. Qxh6# 1-0


[Site "https://www.chess.com"]